 Dungeon Crawl Stone Soup version 0.31-a0-879-g1609e0ac53 (webtiles) character file.

Game seed: 12688065006517737902

720110 Bosh the Conqueror (level 27, 0/191 HPs)
             Began as a Hill Orc Fighter on Oct 14, 2023.
             Was the Champion of Beogh.
             Succumbed to a green death's poison arrow
             ... in Pandemonium.
             The game lasted 05:24:31 (92265 turns).

Bosh the Conqueror (Hill Orc Fighter)              Turns: 92265, Time: 05:24:32

Health: 0/191      AC: 46    Str: 36    XL:     27
Magic:  22/23      EV: 13    Int: 13    God:    Beogh [******]
Gold:   5118       SH: 32    Dex:  8    Spells: 26/26 levels left

rFire   + + +        a - +4 consecrated labrys {holy, Valiant Fragile Fly SInv}
rCold   + + +        G - +4 tower shield {AC+3}
rNeg    + + +        i - +12 gold dragon scales
rPois   +            E - +1 helmet of Hopscotch {Fly rN+ Slay+3}
rElec   +            C - scarf {rC+ rF+}
rCorr   +            c - +1 pair of gloves
SInv    +            R - +2 pair of boots {rampage}
Will    ++...        m - amulet "Onikh" {Reflect -Cast Rampage rN+ Str+3 SH+5} Stlth
                     L - ring "Miphid" {rElec rCorr Slay+3}
HPRegen 0.00/turn    b - ring of Generosity {rC+ rN+ Int+5 Slay+5}
MPRegen 0.18/turn

%: no spellcasting, reflection, rampage
@: lethally poisoned (0 -> -6), corroded, flying, inhibited regen, studying 2
skills, unable to read, unable to drink
A: walk on water, iridescent scales 2, clumsy 1, deformed body, fire resistance
1, frail 3, low MP 1, inhibited regeneration, inability to drink after injury 2,
inability to read after injury 1
}: 6/15 runes: serpentine, barnacled, slimy, silver, demonic, glowing
a: Renounce Religion, Smiting, Recall Orcish Followers, Give Item to Named
Follower, Resurrection


You were in Pandemonium.
You worshipped Beogh.
Beogh was exalted by your worship.
You visited 13 branches of the dungeon, and saw 57 of its levels.
You visited Pandemonium 1 time, and saw 3 of its levels.
You visited 1 ziggurat, and saw 18 of its levels.
You also visited: Sewer, Ossuary, Gauntlet and Ice Cave.

You collected 13518 gold pieces.
You spent 8400 gold pieces at shops.

Inventory:

Hand Weapons
 a - the +4 consecrated labrys (weapon) {holy, Valiant Fragile Fly SInv}
   (You found it on level 11 of the Dungeon)

   Valiant:   It becomes more powerful as more dangerous foes come into view.
   SInv:      It lets you see invisible.
   Fly:       It grants you flight.
   Fragile:   It will be destroyed if unequipped.
 A - a +9 antimagic trident
Armour
 c - a +1 pair of gloves (worn)
 f - the +0 helmet of Tomorrow {rN++ Regen+ Slay+3}
   (You bought it in a shop in Pandemonium)

   Slay+3:    It affects your accuracy & damage with ranged weapons and melee
   (+3).
   rN++:      It greatly protects you from negative energy.
   Regen+:    It increases your rate of health regeneration.
 i - +12 gold dragon scales (worn)
 C - a scarf of resistance (worn)
 E - the +1 helmet of Hopscotch (worn) {Fly rN+ Slay+3}
   (You found it on level 5 of the Pits of Slime)

   Slay+3:    It affects your accuracy & damage with ranged weapons and melee
   (+3).
   rN+:       It protects you from negative energy.
   Fly:       It grants you flight.
 G - a +4 tower shield of protection (worn)
 R - a +2 pair of boots of rampaging (worn)
Jewellery
 b - the ring of Generosity (right hand) {rC+ rN+ Int+5 Slay+5}
   (You found it in an ice cave)

   [ring of protection from cold]

   Int+5:     It affects your intelligence (+5).
   Slay+5:    It affects your accuracy & damage with ranged weapons and melee
   (+5).
   rC+:       It protects you from cold.
   rN+:       It protects you from negative energy.
 m - the amulet "Onikh" (around neck) {Reflect -Cast Rampage rN+ Str+3 SH+5}
   (You acquired it in the Vestibule of Hell)

   [amulet of reflection]

   Reflect:   It reflects blocked missile attacks.
   Str+3:     It affects your strength (+3).
   rN+:       It protects you from negative energy.
   -Cast:     It prevents spellcasting.
   SH+5:      It affects your SH (+5).
   Rampage:   It bestows one free step when moving towards enemies.
 L - the ring "Miphid" (left hand) {rElec rCorr Slay+3}
   (You found it on level 5 of the Pits of Slime)

   [ring of resist corrosion]

   Slay+3:    It affects your accuracy & damage with ranged weapons and melee
   (+3).
   rElec:     It insulates you from electricity.
   rCorr:     It protects you from acid and corrosion.
Wands
 l - a wand of digging (12)
 v - a wand of flame (269)
 D - a wand of iceblast (61)
 N - a wand of polymorph (34)
 O - a wand of light (50)
 T - a wand of mindburst (114)
 U - a wand of paralysis (78)
Scrolls
 e - 41 scrolls of teleportation
 h - 11 scrolls of blinking
 k - 13 scrolls of fear
 o - 6 scrolls of amnesia
 s - 10 scrolls of revelation
 w - 5 scrolls of poison
 z - 3 scrolls of silence
 H - 9 scrolls of enchant weapon
 I - 9 scrolls of fog
 J - 2 scrolls of brand weapon
Potions
 d - 7 potions of might
 g - 29 potions of curing
 j - 8 potions of brilliance
 n - 2 potions of invisibility
 p - 5 potions of resistance
 q - 12 potions of magic
 r - 6 potions of haste
 t - 11 potions of enlightenment
 x - 12 potions of mutation
 B - 20 potions of attraction
 F - 8 potions of lignification
 K - a potion of heal wounds
 M - 3 potions of cancellation
 S - 2 potions of berserk rage
Miscellaneous
 X - the horn of Geryon (inert)


   Skills:
 O Level 27 Fighting
 + Level 25.1(26.7) Axes
 - Level 14.0(19.4) Polearms
 O Level 27 Armour
 + Level 18.4 Dodging
 O Level 27 Shields
 + Level 3.5 Invocations
 + Level 0.9 Evocations


You had 26 spell levels left.
You didn't know any spells.
Your spell library contained the following spells:

 Spells                   Type           Power      Damage    Failure   Level
 Apportation              Tloc           0%         N/A       77%         1
 Foxfire                  Conj/Fire      0%         2x1d4     77%         1
 Freeze                   Ice            0%         1d3       77%         1
 Kiss of Death            Conj/Necr      0%         2d5       77%         1
 Magic Dart               Conj           0%         1d3       77%         1
 Necrotise                Necr           0%         1d4       77%         1
 Sandblast                Erth           0%         2d4       77%         1
 Sting                    Tmut/Pois      0%         1d3       77%         1
 Summon Small Mammal      Summ           0%         N/A       77%         1
 Blink                    Tloc           0%         N/A       88%         2
 Call Imp                 Summ           0%         N/A       88%         2
 Cigotuvi's Dreadful Rot  Necr/Pois/Air  0%         N/A       88%         2
 Ensorcelled Hibernation  Hex/Ice        0%         N/A       88%         2
 Jinxbite                 Hex            0%         N/A       88%         2
 Lesser Beckoning         Tloc           0%         N/A       88%         2
 Momentum Strike          Conj/Tloc      0%         3d8       88%         2
 Passwall                 Tmut/Erth      0%         N/A       88%         2
 Searing Ray              Conj           0%         2d4       88%         2
 Sublimation of Blood     Necr           0%         N/A       88%         2
 Wereblood                Tmut           0%         N/A       88%         2
 Call Canine Familiar     Summ           0%         N/A       98%         3
 Confusing Touch          Hex            0%         N/A       98%         3
 Dazzling Flash           Conj/Hex       0%         N/A       98%         3
 Frozen Ramparts          Ice            0%         1d1       98%         3
 Gell's Gravitas          Tloc           0%         N/A       98%         3
 Hailstorm                Conj/Ice       0%         3d3       98%         3
 Ignite Poison            Fire/Tmut/Pois 0%         N/A       98%         3
 Inner Flame              Hex/Fire       0%         N/A       98%         3
 Mephitic Cloud           Conj/Pois/Air  0%         N/A       98%         3
 Ozocubu's Armour         Ice            0%         N/A       98%         3
 Sigil of Binding         Hex            0%         N/A       98%         3
 Stone Arrow              Conj/Erth      0%         3d7       98%         3
 Summon Guardian Golem    Hex/Summ       0%         N/A       98%         3
 Swiftness                Air            0%         N/A       98%         3
 Teleport Other           Tloc           0%         N/A       98%         3
 Tukima's Dance           Hex            0%         N/A       98%         3
 Vampiric Draining        Necr           0%         2d6       98%         3
 Volatile Blastmotes      Fire/Tloc      0%         2d10      98%         3
 Anguish                  Hex/Necr       0%         N/A       100%        4
 Animate Armour           Summ/Erth      0%         N/A       100%        4
 Animate Dead             Necr           0%         N/A       100%        4
 Brom's Barrelling Bould  Conj/Erth      0%         2d3       100%        4
 Cause Fear               Hex            0%         N/A       100%        4
 Dimensional Bullseye     Hex/Tloc       0%         N/A       100%        4
 Dispel Undead            Necr           0%         3d6       100%        4
 Fulminant Prism          Conj/Hex       0%         3d5       100%        4
 Iskenderun's Mystic Bla  Conj/Tloc      0%         2d3       100%        4
 Leda's Liquefaction      Hex/Erth       0%         N/A       100%        4
 Passage of Golubria      Tloc           0%         N/A       100%        4
 Petrify                  Tmut/Erth      0%         N/A       100%        4
 Sticky Flame             Conj/Fire      0%         2d3       100%        4
 Summon Ice Beast         Ice/Summ       0%         N/A       100%        4
 Summon Lightning Spire   Summ/Air       0%         N/A       100%        4
 Vhi's Electric Charge    Tloc/Air       0%         N/A       100%        4
 Agony                    Necr           0%         N/A       100%        5
 Alistair's Intoxication  Tmut/Pois      0%         N/A       100%        5
 Arcjolt                  Conj/Air       0%         1d10      100%        5
 Borgnjor's Vile Clutch   Necr/Erth      0%         N/A       100%        5
 Fireball                 Conj/Fire      0%         3d3       100%        5
 Irradiate                Conj/Tmut      0%         3d11      100%        5
 Iskenderun's Battlesphe  Conj           0%         2d6       100%        5
 Lee's Rapid Deconstruct  Erth           0%         3d4*      100%        5
 Silence                  Hex/Air        0%         N/A       100%        5
 Yara's Violent Unravell  Hex/Tmut       0%         3d3       100%        5
 Bombard                  Conj/Erth      0%         9d1       100%        6
 Conjure Ball Lightning   Conj/Air       0%         3x3d6     100%        6
 Death Channel            Necr           0%         N/A       100%        6
 Dispersal                Tloc           0%         N/A       100%        6
 Eringya's Noxious Bog    Tmut/Pois      0%         4d6       100%        6
 Plasma Beam              Fire/Air       0%         2x1d10    100%        6
 Simulacrum               Ice/Necr       0%         N/A       100%        6
 Starburst                Conj/Fire      0%         6d3       100%        6
 Enfeeble                 Hex            0%         N/A       100%        7
 Haunt                    Necr/Summ      0%         N/A       100%        7
 Malign Gateway           Summ/Tloc      0%         N/A       100%        7
 Monstrous Menagerie      Summ           0%         N/A       100%        7
 Orb of Destruction       Conj           0%         9d5       100%        7
 Ozocubu's Refrigeration  Ice            0%         4d7       100%        7
 Spellforged Servitor     Conj/Summ      0%         N/A       100%        7
 Summon Hydra             Summ           0%         N/A       100%        7
 Borgnjor's Revivificati  Necr           0%         N/A       100%        8
 Ignition                 Fire           0%         3d3       100%        8
 Infestation              Necr           0%         N/A       100%        8
 Lehudib's Crystal Spear  Conj/Erth      0%         10d2      100%        8
 Maxwell's Capacitive Co  Air            0%         ∞         100%        8
 Summon Horrible Things   Summ           0%         N/A       100%        8
 Chain Lightning          Conj/Air       0%         N/A       100%        9
 Death's Door             Necr           0%         N/A       100%        9
 Fire Storm               Conj/Fire      0%         5d1       100%        9
 Polar Vortex             Ice            0%         N/A       100%        9
 Shatter                  Erth           0%         3d5*      100%        9


Dungeon Overview and Level Annotations

Branches:
Dungeon (15/15)            Temple (0/1) D:5            Lair (5/5) D:10
 Shoals (4/4) Lair:2        Snake (4/4) Lair:3        Slime (5/5) Lair:4
    Orc (2/2) D:11            Elf (3/3) Orc:2        Vaults (5/5) D:13
  Crypt (3/3) Vaults:2       Tomb (1/3) Crypt:3      Depths (4/4) D:15
   Hell (visited)             Dis (0/7) Hell            Geh (0/7) Hell
    Coc (0/7) Hell            Tar (0/7) Hell            Zot (5/5) Depths:4
  Sewer (visited)         Ossuary (visited)           IceCv (visited)
Gauntlet (visited)

Altars:
Cheibriados
Dithmenos
Qazlal
Xom
Beogh
Lugonu

Shops:
D:1 *   D:5 *   D:6 !   D:8 :   D:15 ?   Orc:2 ![=:   Elf:1 !   Elf:3 [
Shoals:2 (?[?   Vaults:2 (   Vaults:4 [   Depths:1 [   Depths:3 =

Portals:
Hell: Depths:1 Depths:2 Depths:3 Depths:4
Abyss: Depths:1 Depths:3 Depths:4
Pandemonium: Depths:2 Depths:3

Annotations:
Zot:2 4 transporters


Innate Abilities, Weirdness & Mutations

You can walk on water.
You are mostly covered in iridescent scales. (AC +4)
You are clumsy. (Dex -2)
Armour fits poorly on your strangely shaped body.
Your flesh is heat resistant. (rF+)
You are extremely frail. (-30% HP)
Your magical capacity is low. (-10% MP)
You do not regenerate when monsters are visible.
You sometimes lose the ability to drink potions when taking damage.
You occasionally lose the ability to read scrolls when taking damage.


Message History

A tormentor comes into view.
Orkrul goes into a battle-frenzy!
You carve the blizzard demon like a ham!!!
You kill the blizzard demon!
Beogh accepts your kill.
You slice the demonspawn corrupter!!
The demonspawn corrupter convulses.
Orkrul shoots an arrow.
The arrow hits the demonspawn corrupter!!
The tormentor calls on the powers of darkness!
Your body is wracked with pain!
* * * LOW HITPOINT WARNING * * *
The demonspawn corrupter calls forth creatures from the Crypt!
The green death gestures at you.
The poison arrow hits you but does no damage.
You are lethally poisoned!
You slice the demonspawn corrupter like a ripe choko!!!
You kill the demonspawn corrupter!
Beogh accepts your kill.
Beogh appreciates your killing of a heretic priest.
The vampire knight disappears in a puff of smoke! x2
You closely miss the green death.
* * * LOW HITPOINT WARNING * * *
You feel sick.
The tormentor calls on the powers of darkness!
You feel a surge of unholy energy.
Orkrul shoots an arrow.
You slice the green death!!
The green death convulses.
The green death is heavily wounded.
* * * LOW HITPOINT WARNING * * *
You feel sick. You block the green death's attack.
You cut the green death into ribbons!!!
You kill the green death!
Beogh accepts your kill.
Beogh blesses Orkrul with superior armament.
* * * LOW HITPOINT WARNING * * *
You feel sick.
Orkrul shoots an arrow.
You slice the green death like a ripe choko!!!
The green death convulses!!
You kill the green death!
Beogh accepts your kill.
You die...

.....................#
.....................#
...........o.........#
.............§.......#
..........)....##..###
.......~~~~§§§.##..#
..:....~####~..#####
#####..≈# #§).## #..≈
#≈@.2#
#..~~~~~~....2...
.........##....
.........# ###
#########. .P .P .P♣


You could see 2 tormentors and the friendly Orkrul the orc warlord (strong).

Vanquished Creatures
  Mnoleg (Pan)
  7 dread liches
  5 ancient liches
  An orb of fire (Zot:5)
  5 pandemonium lords (Zig:17)
  Mara (Depths:1)
  A juggernaut (Depths:3)
  4 royal mummies
  5 Killer Klowns (Zig:17)
  2 shard shrikes (shapeshifter) (Zot:3)
  A curse toe (Zot:4)
  Vv (Crypt:2)
  4 caustic shrikes
  4 golden dragons
  Norris (Depths:1)
  Jory (Depths:2)
  6 Tzitzimimeh (Pan)
  3 iron giants (Zig:12)
  15 tentacled monstrosities
  An electric golem (Zot:5)
  2 liches
  2 quicksilver dragons (shapeshifter) (Zot:3)
  6 Orb Guardians (Zot:5)
  2 Hell Sentinels (Zig:12)
  4 deep elf master archers
  6 ancient champions
  A titan (shapeshifter) (Zot:3)
  3 deep elf blademasters
  A walking divine tome (Depths:4)
  4 quicksilver dragons
  7 titans
  2 death cobs
  A tentacled starspawn (Zig:5)
  3 acid blobs
  9 sphinxes
  4 shadow dragons
  3 tengu reavers
  9 storm dragons
  A rockslime (IceCv)
  8 draconian knights
  2 revenants
  A fire giant (Vaults:4)
  A nagaraja (Snake:4)
  3 frost giants
  3 azure jellies (IceCv)
  An azure jelly (shapeshifter) (Zot:3)
  2 quicksilver elementals (Zig:12)
  The ghost of croobank the Covert, an adept GnDe of Hepliaklqana (Snake:1)
  4 ghost moths
  4 curse skulls
  A deep elf sorcerer (Vaults:2)
  Louise (Elf:1)
  A deep elf elementalist (Zig:13)
  8 draconian scorchers
  4 draconian monks
  A balrug (Depths:1)
  A ghoul (Crypt:2)
  6 vault wardens
  3 draconian stormcallers
  10 cacodemons (Pan)
  6 draconian shifters
  8 very ugly things
  7 draconian annihilators
  5 formless jellyfish
  4 orc warlords
  7 quicksilver oozes
  A juggernaut zombie (Crypt:1)
  8 war gargoyles
  4 demonspawn corrupters (Pan)
  3 ironbound thunderhulks
  A demonspawn blood saint (Pan)
  14 ironbound preservers
  2 bennus (Tomb:1)
  7 stone giants
  9 deep elf demonologists
  An eleionoma (Zig:17)
  9 green draconians
  8 vampire knights
  5 black draconians
  4 deep elf annihilators
  2 lorocyprocas
  4 white draconians
  9 dire elephants
  9 yellow draconians
  A minotaur (Gauntlet)
  A minotaur (shapeshifter) (Zig:17)
  5 purple draconians
  6 red draconians
  2 iron golems (Zig:12)
  4 eidola
  A deep elf death mage (Elf:3)
  10 mummy priests
  3 green deaths (Pan)
  8 ettins
  A crystal guardian (Vaults:4)
  2 entropy weavers
  3 merfolk javelineers
  4 jiangshi
  7 blizzard demons (Pan)
  7 merfolk impalers
  6 fire dragons
  4 great orbs of eyes
  An ice dragon (shapeshifter) (Zig:17)
  4 hydras (Zig:10)
  Josephine (Shoals:1)
  9 yaktaur captains
  7 deep elf high priests
  2 ice dragons
  2 peacekeepers
  2 ogre magi
  A merfolk avatar (Shoals:4)
  2 catoblepae
  6 salamander tyrants
  A hell beast (Pan)
  4 ironbound frosthearts
  8 anacondas
  A spriggan air mage (Depths:1)
  11 vault guards
  An Orb Guardian zombie (Crypt:1)
  12 centaur warriors
  A merfolk aquamancer (Zig:8)
  6 two-headed ogres
  Erica (Orc:1)
  23 dancing weapons
  2 boulder beetles
  5 deep troll shamans
  2 alligator snapping turtles
  8 death scarabs
  3 tengu warriors
  A satyr (Shoals:2)
  A death yak (Zig:10)
  A quicksilver ooze zombie (Crypt:2)
  3 thrashing horrors
  8 naga sharpshooters
  A titan zombie (Crypt:1)
  A hell hog (Zig:9)
  9 naga warriors
  2 orc high priests
  4 vampire magi
  3 spriggan berserkers
  2 deep troll earth magi (Depths:2)
  A wretched star (Zig:2)
  4 sun demons
  2 shock serpents
  A storm dragon zombie (Crypt:1)
  2 crystal echidnas (Zig:12)
  12 deep elf knights
  3 soul eaters
  6 iron trolls
  2 salamander mystics
  4 sixfirhies (Pan)
  2 skysharks (Depths:1)
  10 shadow wraiths
  5 sea snakes
  17 skeletal warriors
  35 deep trolls
  13 flayed ghosts
  3 obsidian statues (Zig:5)
  A glowing orange brain (Depths:4)
  2 bunyip skeletons
  11 phantasmal warriors
  5 naga ritualists
  13 deep elf archers
  A golden dragon skeleton (Crypt:2)
  A shadow demon (Pan)
  2 shadow dragon zombies
  4 ironbound convokers
  3 lindwurms
  7 wizards
  An anaconda skeleton (Crypt:3)
  An orange crystal statue (IceCv)
  3 harpies (Zig:8)
  7 necromancers
  25 deep elf zephyrmancers
  4 mana vipers
  2 orc knights
  6 cyclopes
  19 deep elf pyromancers
  24 ugly things
  2 salamanders (shapeshifter)
  A faun (Shoals:2)
  An iron dragon skeleton (Crypt:3)
  8 manticores
  A goliath frog skeleton (Crypt:1)
  A worldbinder (Zig:5)
  An elephant (shapeshifter) (Vaults:5)
  A shining eye (Slime:5)
  3 fire giant skeletons (Crypt:3)
  An elephant (Zig:10)
  11 salamanders
  20 moths of wrath
  An alligator snapping turtle zombie (Crypt:2)
  21 black mambas
  3 merfolk sirens
  2 molten gargoyles (Gauntlet)
  5 orange demons (Pan)
  8 naga magi
  2 apocalypse crabs
  A gargoyle (Gauntlet)
  4 guardian serpents
  7 hellions
  3 water nymphs
  An ice statue (Zig:5)
  A cane toad (Zig:10)
  4 smoke demons
  An eye of devastation (Slime:5)
  14 vault sentinels
  10 large abominations
  Maggie (D:7)
  3 efreet
  2 kobold demonologists (Pan)
  An unseen horror (D:12)
  Psyche (D:10)
  A rime drake (Lair:4)
  4 komodo dragons
  20 yaktaurs
  5 tormentors
  2 freezing wraiths
  6 trolls
  5 tengu conjurers
  A harpy zombie (Crypt:1)
  4 ancient zymes (Zig:5)
  8 guardian mummies
  A hornet (shapeshifter) (D:14)
  A polar bear (shapeshifter) (Zig:14)
  8 merfolk
  2 raiju
  4 hornets (Depths:4)
  A jumping spider zombie (Crypt:1)
  3 snapping turtles (Zig:8)
  2 blink frogs
  39 slime creatures
  2 harpy skeletons
  A slime creature (shapeshifter) (Zig:17)
  6 air elementals
  3 spriggans (Depths:4)
  3 ynoxinuls (Pan)
  2 ushabtiu
  8 flying skulls
  2 water elementals
  An ettin zombie (Crypt:1)
  6 wraiths
  3 shadows (Crypt:3)
  7 fire dragon skeletons (Crypt:3)
  5 fire elementals
  A wyvern (D:10)
  14 yaks
  3 humans (D:13)
  8 neqoxecs
  A tyrant leech zombie (Crypt:2)
  A black mamba skeleton (Crypt:2)
  A steam dragon (Gauntlet)
  A basilisk (Zig:10)
  3 vampire mosquitoes
  10 chaos spawn
  A redback (Vaults:3)
  5 wargs
  A human zombie (Depths:2)
  17 nagas
  An acid dragon (D:12)
  A swamp worm (shapeshifter) (Depths:4)
  A glowing shapeshifter skeleton (Depths:2)
  A hell hound (Hell)
  A floating eye (Depths:2)
  7 water moccasins
  A sky beast (D:7)
  3 orc warriors
  6 great orb of eyes simulacra (IceCv)
  2 ice beasts
  A cane toad skeleton (Crypt:1)
  2 black bears
  7 ogres
  An ettin simulacrum (Crypt:1)
  2 boggarts (Vaults:2)
  3 wolves
  5 centaurs
  A slime creature simulacrum (IceCv)
  A phantom (D:6)
  2 kobold brigands
  A rime drake skeleton (Crypt:1)
  3 small abominations (D:15)
  3 bullfrogs
  3 scorpions
  2 earth elementals
  A gnoll sergeant (D:6)
  2 elf skeletons (D:6)
  6 glowing shapeshifter simulacra (IceCv)
  3 wights (Crypt:3)
  A shapeshifter skeleton (Crypt:2)
  3 howler monkeys
  An electric eel (Orc:2)
  A lava snake (Lair:3)
  10 starcursed masses (Zig:9)
  3 hounds
  3 jellies
  A sleepcap (D:7)
  3 orc priests
  Crazy Yiuf (D:4)
  3 gnoll boudas
  Ijyb (D:4)
  6 iguanas
  7 orc wizards
  3 lightning spires (Zig:18)
  21 mummies
  Robin (D:2)
  4 adders
  16 gnolls
  A white imp (D:7)
  2 worms
  5 dart slugs
  20 orcs
  5 ball pythons
  10 bats
  6 endoplasms
  A giant cockroach (D:1)
  17 goblins
  13 hobgoblins
  A jackal (D:1)
  4 quokkas
  2 frilled lizards
  A gnoll skeleton (Ossuary)
  4 goblin skeletons (Ossuary)
  16 kobolds
  5 orc skeletons
  2 orc zombies (D:6)
  8 rats
  11 rat skeletons (Ossuary)
  A river rat zombie (Crypt:2)
  2 starspawn tentacles (Zig:5)
1522 creatures vanquished.

Vanquished Creatures (collateral kills)
  the Royal Jelly (Slime:5)
  A dread lich (Vaults:5)
  4 orbs of fire (Zot:5)
  2 ancient liches
  A juggernaut (Depths:4)
  4 royal mummies
  Frederick (Vaults:5)
  2 Killer Klowns (Zot:5)
  Geryon (Hell)
  Xtahua (Vaults:4)
  2 caustic shrikes (Depths:4)
  Nikola (Vaults:1)
  5 golden dragons
  A pandemonium lord (Pan)
  2 Tzitzimimeh (Pan)
  An electric golem (Zot:5)
  The ghost of Divaefyhum the Metamorph, an adept OpEE of Gozag (Elf:2)
  Asterion (Elf:1)
  Zenata (Elf:2)
  8 tentacled monstrosities
  4 quicksilver dragons
  4 liches
  19 Orb Guardians (Zot:5)
  2 titans
  2 deep elf master archers (Elf:3)
  2 walking earthen tomes
  A deep elf blademaster (Elf:3)
  A kraken (Shoals:1)
  An eldritch tentacle (Pan)
  2 ancient champions
  2 death cobs (Zot:5)
  4 sphinxes
  25 acid blobs
  2 tengu reavers
  12 rockslimes
  10 storm dragons
  2 nagarajas (Snake:4)
  13 shadow dragons
  3 draconian monks
  2 draconian knights
  12 azure jellies
  A fire giant (Vaults:4)
  Ilsuiw (Shoals:3)
  The ghost of Koceploe the Impaler, an adept MfGl of the Shining One (Shoals:3)
  5 frost giants
  2 draconian scorchers
  6 deep elf elementalists (Elf:3)
  A deep elf sorcerer (Vaults:4)
  An orc warlord (D:11)
  7 cacodemons
  2 balrugs
  4 draconian shifters
  11 vault wardens
  A draconian stormcaller (Zot:4)
  2 ghouls (Crypt:2)
  A spriggan defender (Depths:3)
  2 demonspawn corrupters (Pan)
  4 draconian annihilators
  7 reapers
  7 formless jellyfish
  6 stone giants
  9 very ugly things
  An elemental wellspring (Hell)
  7 ironbound preservers
  12 quicksilver oozes
  3 war gargoyles
  6 ironbound thunderhulks
  7 green draconians
  7 deep elf annihilators
  4 red draconians
  2 eleionomae (Shoals:2)
  A dire elephant (shapeshifter) (Zot:3)
  9 black draconians
  3 white draconians
  A wendigo (Hell)
  2 spark wasps (Depths:4)
  A bennu (Tomb:1)
  9 dire elephants
  7 ettins
  8 purple draconians
  2 iron golems (Hell)
  5 yellow draconians
  9 blizzard demons
  A deep elf death mage (Crypt:1)
  9 eidola
  2 fire dragons (Depths:2)
  A crystal guardian (Vaults:4)
  2 green deaths
  A rakshasa (Depths:2)
  2 jiangshi
  5 merfolk javelineers
  6 yaktaur captains
  5 deep elf high priests
  An entropy weaver (Vaults:4)
  4 mummy priests (Tomb:1)
  7 great orbs of eyes
  12 merfolk impalers
  3 ice dragons
  A spriggan zombie (Hell)
  A quicksilver dragon skeleton (Crypt:1)
  20 vault guards
  A hell beast (Hell)
  Harold (D:10)
  4 salamander tyrants
  A peacekeeper (Vaults:2)
  4 hydras
  4 alligator snapping turtles
  An ogre mage (Vaults:5)
  A spriggan air mage (Depths:4)
  2 boulder beetles
  6 catoblepae
  10 centaur warriors
  An Orb Guardian zombie (Crypt:2)
  8 ironbound frosthearts
  3 merfolk aquamancers
  8 anacondas
  An anaconda (shapeshifter) (Vaults:5)
  6 satyrs
  A death knight (Crypt:2)
  6 hell hogs
  5 spriggan berserkers
  A spriggan skeleton (Crypt:1)
  2 sphinx skeletons (Depths:2)
  2 tengu warriors
  Urug (Lair:5)
  13 death yaks
  5 deep troll shamans
  4 orc high priests
  6 naga warriors
  3 demonic crawlers (Hell)
  3 deep troll earth magi
  18 dancing weapons
  A shock serpent (Snake:3)
  5 naga sharpshooters
  7 sun demons
  6 deep elf knights
  2 hell knights
  Sonja (D:10)
  9 soul eaters
  A shadow wraith (Depths:2)
  A titan skeleton (Crypt:3)
  8 iron trolls
  9 skeletal warriors
  3 skysharks (Shoals:1)
  4 salamander mystics
  7 sixfirhies (Pan)
  10 sea snakes
  A shadow demon (Pan)
  25 deep trolls
  5 flayed ghosts
  5 deep elf archers
  2 spriggan simulacra (Hell)
  An obsidian statue (Zot:5)
  9 harpies (Shoals:2)
  5 necromancers
  14 phantasmal warriors
  5 glowing orange brains
  8 ironbound convokers
  A lindwurm (Lair:3)
  4 naga ritualists
  4 wizards
  A bunyip skeleton (Crypt:1)
  An iron dragon zombie (Crypt:1)
  An anaconda skeleton (Crypt:3)
  17 deep elf zephyrmancers
  22 deep elf pyromancers
  7 orc knights
  4 orc sorcerers
  3 mana vipers
  14 ugly things
  18 fauns
  5 shining eyes
  16 salamanders
  10 manticores
  11 black mambas
  18 moths of wrath
  3 guardian serpents
  2 elephants (Lair:2)
  An apocalypse crab (Zig:9)
  2 dire elephant zombies (Hell)
  8 merfolk sirens
  3 fire giant skeletons (Crypt:3)
  2 rust devils (Hell)
  11 smoke demons (Hell)
  2 orange demons (Pan)
  3 molten gargoyles (Hell)
  5 eyes of devastation
  5 cane toads
  2 centaur skeletons (Crypt:3)
  7 vault sentinels
  5 water nymphs
  A titan simulacrum (Hell)
  4 gargoyles (Crypt:3)
  12 naga magi
  2 tormentors (Pan)
  4 rime drakes
  6 hellions
  20 yaktaurs
  4 komodo dragons
  5 freezing wraiths
  A tengu conjurer (Depths:2)
  10 guardian mummies
  An ancient zyme (Zig:9)
  22 merfolk
  2 red devils
  4 wind drakes
  3 hornets
  4 polar bears (Lair:5)
  2 harpy skeletons
  3 hellwings
  7 trolls
  A moth of wrath zombie (Crypt:2)
  12 snapping turtles
  23 blink frogs
  An ettin zombie (Hell)
  2 dream sheep (Shoals:2)
  95 slime creatures
  4 air elementals
  7 ynoxinuls (Pan)
  3 spriggans (Depths:4)
  7 large abominations
  A jumping spider (Vaults:3)
  3 flying skulls (Tomb:1)
  64 yaks
  3 shadows (Crypt:3)
  A vampire (D:11)
  A dire elephant simulacrum (Hell)
  2 ettin skeletons
  3 fire dragon skeletons (Crypt:3)
  6 water elementals
  2 wyverns
  12 wraiths
  2 fire elementals
  6 golden eyes (Slime:4)
  9 neqoxecs
  2 alligator snapping turtle simulacra (Hell)
  14 vampire mosquitoes
  A wind drake skeleton (Crypt:2)
  4 basilisks
  A redback (Vaults:3)
  8 chaos spawn
  2 wargs (Orc:2)
  3 harpy simulacra (Hell)
  2 acid dragons
  15 nagas
  7 water moccasins
  A glowing shapeshifter zombie (Depths:2)
  A demonspawn skeleton (Crypt:1)
  9 hell hounds (Hell)
  An ice beast (D:8)
  19 orc warriors
  4 small abominations (D:15)
  12 ogres
  2 boggarts (Vaults:2)
  12 centaurs
  15 wolves
  11 bullfrogs
  A necrophage (Crypt:2)
  3 earth elementals
  2 scorpions
  A hornet simulacrum (D:14)
  4 killer bees (D:9)
  A warg skeleton (Crypt:2)
  3 howler monkeys
  2 lava snakes (Lair:3)
  2 jellies (Lair:4)
  13 orc priests
  2 gnoll boudas
  An iguana (D:10)
  10 orc wizards
  A lightning spire (Zig:18)
  A boggart skeleton (Crypt:1)
  19 mummies
  6 gnolls
  13 orcs
  4 kobolds (D:8)
  A spectral weapon (Zot:5)
  4 tentacles (Shoals:1)
1567 creatures vanquished.

Vanquished Creatures (others)
  Saint Roka (thrice) (Zot:5 Tomb:1)
  11 orc warlords
  A death cob (Zot:5)
  A draconian scorcher (Zot:4)
  A draconian stormcaller (Zig:4)
  A stone giant (Vaults:5)
  A bennu (Tomb:1)
  A red draconian (Zot:5)
  A naga warrior (Zig:7)
  6 orc high priests
  3 deep elf knights
  An iron troll (Hell)
  6 orc sorcerers
  A wretched star (Zig:9)
  A phantasmal warrior (Vaults:5)
  A deep elf pyromancer (Zig:15)
  14 orc knights
  A moth of wrath (Zot:5)
  A yaktaur (Vaults:5)
  45 orc warriors
  A hellwing (Pan)
  16 orc wizards
  2 ogres
  A centaur (Shoals:2)
  27 orc priests
  A gnoll (D:5)
  56 orcs
  A quokka (D:11)
  A starspawn tentacle (Zig:5)
  5 tentacles (Shoals:1)
212 creatures vanquished.

Grand Total: 3301 creatures vanquished

Notes
Turn   | Place    | Note
-------+----------+-------------------------------------------
     0 | D:1      | Bosh the Hill Orc Fighter began the quest for the Orb.
     0 | D:1      | Reached XP level 1. HP: 19/19 MP: 1/1
    72 | D:1      | Reached XP level 2. HP: 15/27 MP: 2/2
   146 | D:1      | You fall into a shaft and drop 1 floor!
   400 | D:3      | Reached XP level 3. HP: 33/33 MP: 3/3
   619 | D:3      | Reached XP level 4. HP: 31/40 MP: 4/4
   853 | D:3      | Found a glowing drain.
   857 | Sewer    | Entered a sewer
  1100 | Sewer    | Noticed a kobold brigand
  1122 | Sewer    | Killed a kobold brigand
  1123 | Sewer    | Reached XP level 5. HP: 22/47 MP: 5/5
  1432 | D:5      | Entered Level 5 of the Dungeon
  1478 | D:4      | Found a runed translucent door.
  1479 | D:4      | Noticed Crazy Yiuf
  1522 | D:4      | Reached XP level 6. HP: 45/53 MP: 6/6
  1595 | D:4      | Reached skill level 5 in Polearms
  1745 | D:4      | Identified the +4 ring mail of Indomitability {Str+3 Int+4}
  1867 | D:5      | Became a worshipper of Beogh the Brigand
  2005 | D:4      | Noticed Ijyb
  2014 | D:4      | Killed Ijyb
  2253 | D:1      | Found Dirphok's General Store.
  2285 | D:1      | Reached XP level 7. HP: 60/60 MP: 7/7
  2666 | D:1      | Reached * piety under Beogh
  2895 | D:2      | Noticed Robin
  2902 | D:2      | Reached skill level 5 in Fighting
  2915 | D:2      | Killed Robin
  3451 | D:3      | Got a whispering book
  3881 | D:4      | Reached skill level 5 in Armour
  4058 | D:4      | Killed Crazy Yiuf
  4324 | D:5      | Reached XP level 8. HP: 65/69 MP: 8/8
  4414 | D:5      | Found Qoec's General Store.
  4530 | D:5      | Found a staircase to the Ecumenical Temple.
  4778 | D:6      | Identified the +1 falchion "Killer Klown's Bane" {heavy,
                  | rN+ Str+4}
  4787 | D:6      | Reached ** piety under Beogh
  4797 | D:6      | Found a sand-covered staircase.
  4865 | Ossuary  | Entered an ossuary
  6150 | D:6      | Reached XP level 9. HP: 78/78 MP: 9/9
  6166 | D:6      | Found Ycaq's Distillery.
  6182 | D:6      | Bought a potion of curing for 42 gold pieces
  6232 | D:6      | Found a shadowy altar of Dithmenos.
  6246 | D:6      | Reached *** piety under Beogh
  6247 | D:6      | Reached skill level 5 in Shields
  6850 | D:7      | Reached skill level 10 in Polearms
  6926 | D:7      | Noticed Maggie
  6948 | D:7      | Killed Maggie
  7222 | D:7      | Found a shimmering altar of Xom.
  7434 | D:8      | Reached XP level 10. HP: 59/90 MP: 10/10
  7740 | D:8      | Gained Bogbarth as an ally
  7773 | D:8      | Identified the +6 ring mail of Skepticism {Int+3}
  7889 | D:8      | Found Burhegho's Tremendous Tomes.
  8160 | D:9      | Reached **** piety under Beogh
  8604 | D:9      | Gained Boldo as an ally
  9009 | D:9      | Gained Wulfoc as an ally
  9065 | D:10     | Entered Level 10 of the Dungeon
  9115 | D:10     | Noticed Psyche
  9129 | D:10     | Killed Psyche
  9135 | D:10     | Reached XP level 11. HP: 94/99 MP: 11/11
  9204 | D:10     | Your ally Boldo died
  9216 | D:10     | Reached skill level 10 in Fighting
  9245 | D:10     | Noticed Sonja
  9247 | D:10     | Found a staircase to the Lair.
  9250 | D:10     | Killed Sonja
  9378 | D:10     | Noticed Harold
  9386 | D:10     | Killed Harold
  9634 | D:10     | Reached ***** piety under Beogh
  9972 | D:11     | Found the +4 consecrated labrys {holy, Valiant Fragile Fly
                  | SInv}
 10295 | D:11     | Noticed a boulder beetle
 10313 | D:11     | Killed a boulder beetle
 10381 | D:11     | Gained Zartorak as an ally
 10405 | D:11     | Found a staircase to the Orcish Mines.
 10683 | Lair:1   | Entered Level 1 of the Lair of Beasts
 11207 | Lair:1   | Your ally Zartorak died
 11607 | Lair:1   | Identified the +8 dagger "Cohod" {freeze, Str+3}
 11981 | Lair:2   | Noticed a death yak
 11986 | Lair:2   | Killed a death yak
 13229 | Lair:2   | Reached skill level 10 in Armour
 13229 | Lair:2   | Reached XP level 12. HP: 111/111 MP: 12/12
 13538 | Lair:2   | Found the +15 Maxwell's patent armour {-Cast -Tele rElec
                  | Will+ rCorr}
 13652 | Lair:2   | Reached ****** piety under Beogh
 13724 | Lair:2   | Found a staircase to the Shoals.
 13918 | Orc:1    | Entered Level 1 of the Orcish Mines
 13924 | Orc:1    | Noticed an orc high priest
 13931 | Orc:1    | Killed an orc high priest
 13935 | Orc:1    | Noticed an orc warlord
 14047 | D:11     | Killed an orc warlord
 14128 | Orc:1    | Noticed Erica
 14135 | Orc:1    | Killed Erica
 14142 | Orc:1    | Found a roughly hewn altar of Beogh.
 15454 | Lair:2   | Found a runed translucent door.
 15477 | Lair:2   | Noticed a catoblepas
 15477 | Lair:2   | Noticed a catoblepas
 15727 | Lair:2   | Your ally Bogbarth died
 15730 | Lair:2   | Killed a catoblepas
 15737 | Lair:2   | Killed a catoblepas
 16381 | Lair:3   | Found a staircase to the Snake Pit.
 16537 | Lair:3   | Noticed a seven-headed hydra
 16547 | Lair:3   | Killed a seven-headed hydra
 16991 | Lair:4   | Noticed a catoblepas
 17004 | Lair:4   | Killed a catoblepas
 17136 | Lair:4   | Reached XP level 13. HP: 98/122 MP: 13/13
 17528 | Lair:4   | Found a staircase to the Slime Pits.
 18052 | Orc:2    | Entered Level 2 of the Orcish Mines
 18114 | Orc:2    | Found a staircase to the Elven Halls.
 18169 | Orc:2    | Reached skill level 10 in Shields
 18749 | Orc:2    | Found Boushreopt's Book Emporium.
 18754 | Orc:2    | Found Ynir's Antique Armour Shop.
 18761 | Orc:2    | Found Isuhy's Distillery.
 18763 | Orc:2    | Found Ostro's Jewellery Emporium.
 18769 | Orc:2    | Bought a potion of heal wounds for 65 gold pieces
 19236 | Lair:5   | Entered Level 5 of the Lair of Beasts
 19268 | Lair:5   | Gained Nordag as an ally
 19276 | Lair:5   | Noticed Urug
 19280 | Lair:5   | Killed Urug
 19282 | Lair:5   | Gained Orkrul as an ally
 19795 | Lair:5   | Gained Bogward as an ally
 19951 | Lair:5   | Identified the +3 leather armour "Oneoss" {Regen+}
 20238 | Shoals:1 | Entered Level 1 of the Shoals
 20259 | Shoals:1 | Gained Wargath as an ally
 20428 | Shoals:1 | Reached XP level 14. HP: 133/133 MP: 14/14
 20488 | Shoals:1 | Your ally Bogward died
 20816 | Shoals:1 | Noticed a kraken
 20833 | Shoals:1 | Killed a kraken
 20991 | Shoals:1 | Noticed Josephine
 21011 | Shoals:1 | Killed Josephine
 21270 | Shoals:2 | Found Unal's Antique Weapon Emporium.
 21301 | Shoals:2 | Found Ablei's Magic Scroll Emporium.
 21702 | Shoals:2 | Found Ucwuamn's Magic Scroll Boutique.
 21713 | Shoals:2 | Bought a scroll of summoning for 180 gold pieces
 21759 | Shoals:2 | Found Xyapeihoa's Antique Armour Shop.
 21768 | Shoals:2 | Bought a runed helmet for 322 gold pieces
 21768 | Shoals:2 | Bought a pair of glowing boots for 322 gold pieces
 21797 | Shoals:2 | Reached skill level 15 in Armour
 22126 | Shoals:2 | Gained Arbolt as an ally
 22408 | Shoals:2 | Noticed an eleionoma
 22419 | Shoals:2 | Killed an eleionoma
 22456 | Shoals:2 | Noticed an eleionoma
 22459 | Shoals:2 | Killed an eleionoma
 22462 | Shoals:2 | Reached skill level 15 in Fighting
 23148 | Shoals:3 | Found a runed translucent door.
 23151 | Shoals:3 | Noticed Koceploe's ghost (adept MfGl)
 23170 | Shoals:3 | Killed Koceploe's ghost
 23195 | Shoals:3 | Identified a scroll of acquirement
 23196 | Shoals:3 | Acquired the +4 demon trident "Numesuz" {elec, rPois rF+}
 23308 | Shoals:3 | Noticed Ilsuiw
 23338 | Shoals:3 | Your ally Arbolt died
 23366 | Shoals:3 | Killed Ilsuiw
 23367 | Shoals:3 | Reached XP level 15. HP: 75/141 MP: 15/15
 24080 | Shoals:4 | Entered Level 4 of the Shoals
 24846 | Shoals:4 | Gained Argrim as an ally
 25248 | Shoals:4 | Reached skill level 15 in Shields
 25603 | Shoals:4 | Identified the staff "Gram" {Int+6 Earth}
 26147 | Shoals:4 | Your ally Nordag died
 26154 | Shoals:4 | Got a barnacled rune of Zot
 26750 | Shoals:4 | Your ally Argrim died
 26870 | Shoals:4 | Reached XP level 16. HP: 152/152 MP: 16/16
 26871 | Shoals:4 | Reached XP level 17. HP: 160/160 MP: 17/17
 27124 | Elf:1    | Entered Level 1 of the Elven Halls
 27578 | Elf:1    | Paralysed by an air elemental for 1 turns
 27580 | Elf:1    | Paralysed by an air elemental for 1 turns
 27887 | Elf:1    | Noticed Louise
 27901 | Elf:1    | Killed Louise
 28210 | Elf:1    | Found Eriethrej's Distillery.
 28213 | Elf:1    | Bought a potion of curing for 45 gold pieces
 28286 | Elf:1    | Reached XP level 18. HP: 161/170 MP: 18/18
 28350 | Elf:1    | Noticed Asterion
 28354 | Elf:1    | Killed Asterion
 28551 | Elf:2    | Identified the +3 ring mail of the Vacuum {-Tele Int+3
                  | Slay+5 Stlth+}
 28604 | Elf:2    | Found a runed translucent door.
 28700 | Elf:2    | Noticed Zenata
 28714 | Elf:2    | Killed Zenata
 28891 | Elf:2    | Found a huge runed translucent gate.
 28891 | Elf:2    | Found a huge runed translucent gate.
 28891 | Elf:2    | Found a huge runed translucent gate.
 28891 | Elf:2    | Found a huge runed translucent gate.
 28891 | Elf:2    | Found a huge runed translucent gate.
 29036 | Elf:2    | Got a levitating book
 29222 | Elf:2    | Noticed Divaefyhum's ghost (adept OpEE)
 29695 | Elf:2    | Killed Divaefyhum's ghost
 29701 | Elf:2    | Identified the staff "Duvel" {+Blink rPois Stlth+ Poison}
 29782 | Elf:3    | Entered Level 3 of the Elven Halls
 29848 | Elf:3    | Found Eprye's Armour Boutique.
 30306 | Elf:3    | Paralysed by an air elemental for 1 turns
 30312 | Elf:3    | Paralysed by an air elemental for 1 turns
 30497 | Elf:3    | Noticed a deep elf master archer
 30507 | Elf:3    | Killed a deep elf master archer
 30525 | Elf:3    | Noticed a deep elf blademaster
 30530 | Elf:3    | Killed a deep elf blademaster
 30972 | Elf:3    | Your ally Wulfoc died
 30976 | Elf:3    | Noticed a deep elf master archer
 30983 | Elf:3    | Your ally Wargath died
 30986 | Elf:3    | Killed a deep elf master archer
 31321 | Elf:3    | Noticed a deep elf blademaster
 31328 | Elf:3    | Killed a deep elf blademaster
 31461 | Elf:3    | Noticed a deep elf master archer
 31464 | Elf:3    | Identified the ring of Paranoia {Ice Dex+2}
 31485 | Elf:3    | Killed a deep elf master archer
 31912 | Elf:3    | Identified the +1 helmet "Foymisol" {Slay+2}
 31912 | Elf:3    | Identified the +9 quarterstaff of the Gnashing Gods
                  | {freeze, Drain Int+6}
 31912 | Elf:3    | Identified the +1 leather armour of the Imp {Int+7 Stlth-}
 31916 | Elf:3    | Identified the +3 spear of Annoyance {freeze, rC+ Dex+2}
 31926 | Elf:3    | Identified the +1 scale mail of Kindness {rC+ Int+3 Dex+2}
 31929 | Elf:3    | Identified the +2 pair of gloves "Tuagacw" {+Inv rPois rC++
                  | Slay-4}
 31933 | Elf:3    | Identified the +4 rapier of the Wolf {drain, rCorr Dex+4}
 31967 | Elf:3    | Identified the +3 hand axe "Dragonslayer" {freeze, rC+
                  | Int+3}
 32080 | Elf:3    | Identified the +8 quarterstaff "Kemit" {freeze, Str+2}
 32520 | Snake:1  | Entered Level 1 of the Snake Pit
 33093 | Snake:1  | Found a runed translucent door.
 33095 | Snake:1  | Noticed croobank's ghost (adept GnDe)
 33280 | Snake:1  | Killed croobank's ghost
 33329 | Snake:2  | Reached XP level 19. HP: 179/183 MP: 19/19
 33827 | Snake:3  | Found a frozen archway.
 33886 | IceCv    | Entered an ice cave
 34194 | IceCv    | Identified the +2 helmet "Vufuna" {-Tele rCorr Str+4 SInv}
 34197 | IceCv    | Identified the +2 pair of gloves of the Past {rC++ Regen+
                  | Dex-4 Slay+4}
 34468 | IceCv    | Found a viscous altar of Jiyva.
 34541 | IceCv    | Got the ring of Generosity {rC+ rN+ Int+5 Slay+5}
 34548 | IceCv    | Got the ring of Kupsosen {Ice Int+2}
 35277 | Snake:4  | Entered Level 4 of the Snake Pit
 36215 | Snake:4  | Got a serpentine rune of Zot
 37232 | D:12     | Reached XP level 20. HP: 202/202 MP: 20/20
 37330 | D:12     | Found a gate leading to a gauntlet.
 37339 | Gauntlet | Entered a Gauntlet
 37339 | Gauntlet | Found a transporter.
 37339 | Gauntlet | Found a transporter.
 37345 | Gauntlet | Found a transporter.
 37358 | Gauntlet | Found a transporter.
 37374 | Gauntlet | Found a transporter.
 37374 | Gauntlet | Found a transporter.
 37377 | Gauntlet | Found a transporter.
 37377 | Gauntlet | Found a transporter.
 37378 | Gauntlet | Found a transporter.
 37394 | Gauntlet | Found a transporter.
 37413 | Gauntlet | Found a transporter.
 37422 | Gauntlet | Found a runed translucent door.
 37422 | Gauntlet | Found the +3 giant club "Skullcrusher" {speed, Str+7}
 37423 | Gauntlet | Found a transporter.
 37424 | Gauntlet | Found a runed translucent door.
 37439 | Gauntlet | Found a transporter.
 37465 | Gauntlet | Found a transporter.
 37554 | Gauntlet | Identified the scarf of Fun and Games {harm, rElec Will+
                  | Slay+3}
 37659 | Gauntlet | Identified the ring of Sif Muna's Hope {EV+5 Str+2}
 37745 | Gauntlet | Identified the +6 demon trident "Wixyanu" {freeze, rPois
                  | Dex+7 Stlth-}
 38720 | D:13     | Found a gate to the Vaults.
 38749 | Vaults:1 | Entered Level 1 of the Vaults
 39903 | Vaults:1 | Noticed Nikola
 39911 | Vaults:1 | Killed Nikola
 40330 | Vaults:2 | Found a staircase to the Crypt.
 40657 | Vaults:2 | Found Bedof's Weapon Shop.
 41813 | Vaults:3 | Reached XP level 21. HP: 214/214 MP: 21/21
 42721 | Vaults:3 | Reached skill level 1 in Dodging
 42786 | Vaults:3 | Noticed Saint Roka
 42805 | Vaults:3 | Paralysed by a formless jellyfish for 1 turns
 44146 | Vaults:4 | Found Fuasih's Antique Armour Boutique.
 44152 | Vaults:4 | Bought a dazzling cloak for 399 gold pieces
 44152 | Vaults:4 | Identified the +2 cloak "Trusted Companion" {+Blink Int+3
                  | Dex+2} (You bought it in a shop on level 4 of the Vaults)
 44181 | Vaults:4 | Gained Berold as an ally
 44730 | Vaults:4 | Identified the +1 ring mail of Qazlal's Hope {Harm Rampage
                  | rPois}
 45343 | Vaults:5 | Entered Level 5 of the Vaults
 45345 | Vaults:5 | Noticed a golden dragon
 45349 | Vaults:5 | Noticed Xtahua
 46966 | Vaults:4 | Gained Garbold as an ally
 46987 | Vaults:4 | Killed a golden dragon
 48961 | D:15     | Entered Level 15 of the Dungeon
 49142 | D:15     | Found Meacuc's Magic Scroll Boutique.
 49411 | D:15     | Reached XP level 22. HP: 222/223 MP: 22/22
 49722 | D:15     | Found a staircase to the Depths.
 49757 | D:15     | Found a stormy altar of Qazlal.
 50066 | Depths:1 | Entered Level 1 of the Depths
 50132 | Depths:1 | Found a snail-covered altar of Cheibriados.
 50132 | Depths:1 | Noticed a golden dragon
 50135 | Depths:1 | Noticed a golden dragon
 50580 | Depths:1 | Found Nesi's Armour Emporium.
 50597 | Depths:1 | Noticed Mara
 50602 | Depths:1 | Killed Mara
 50687 | Depths:1 | Found a one-way gate to the infinite horrors of the Abyss.
 50709 | Depths:1 | Noticed Norris
 50716 | Depths:1 | Killed Norris
 51182 | Depths:1 | Found a gateway to Hell.
 51869 | Depths:2 | Found a one-way gate leading to the halls of Pandemonium.
 52264 | Depths:2 | Gained Zorug as an ally
 52273 | Depths:2 | Noticed Jory
 52281 | Depths:2 | Killed Jory
 52536 | Depths:2 | Gained Murdo as an ally
 52713 | Depths:2 | Identified the +2 falchion "Zuroip" {heavy, Int+3}
 52937 | Depths:3 | Noticed a juggernaut
 52950 | Depths:3 | Killed a juggernaut
 53173 | Depths:3 | Reached XP level 23. HP: 234/238 MP: 23/23
 53364 | Depths:3 | Noticed a royal mummy
 53372 | Depths:3 | Your ally Zorug died
 53375 | Depths:3 | Killed a royal mummy
 53845 | Depths:3 | Noticed a royal mummy
 53852 | Depths:3 | Killed a royal mummy
 53863 | Depths:3 | Noticed a royal mummy
 53878 | Depths:3 | Killed a royal mummy
 54109 | Depths:3 | Found the +7 sceptre of Torment {pain, torment}
 54263 | Depths:3 | Found Piqelaif's Jewellery Emporium.
 54478 | Depths:3 | Found a corrupted altar of Lugonu.
 54703 | Depths:4 | Entered Level 4 of the Depths
 54786 | Depths:4 | Your ally Berold died
 54819 | Depths:4 | Noticed a juggernaut
 54825 | Depths:4 | Killed a juggernaut
 55102 | Depths:4 | Found a gate to the Realm of Zot.
 55109 | Depths:4 | Noticed a golden dragon
 55116 | Depths:4 | Noticed a golden dragon
 55129 | Depths:4 | Killed a golden dragon
 55141 | Depths:4 | Killed a golden dragon
 55465 | Depths:4 | Noticed a caustic shrike
 55466 | Depths:4 | Noticed a caustic shrike
 55467 | Depths:4 | Noticed a caustic shrike
 55467 | Depths:4 | Noticed a caustic shrike
 55478 | Depths:4 | Killed a caustic shrike
 55479 | Depths:4 | Reached skill level 27 in Fighting
 55486 | Depths:4 | Killed a caustic shrike
 55486 | Depths:4 | Killed a caustic shrike
 55490 | Depths:4 | Killed a caustic shrike
 55815 | Depths:4 | Found a one-way gateway to a ziggurat.
 56243 | Orc:2    | Bought a pair of runed gloves for 142 gold pieces
 56472 | Slime:1  | Entered Level 1 of the Pits of Slime
 57176 | Slime:1  | Reached skill level 27 in Shields
 58136 | Slime:4  | Gained mutation: You are weak. (Str -2) [a shining eye]
 59142 | Slime:5  | Entered Level 5 of the Pits of Slime
 59316 | Slime:5  | Reached XP level 24. HP: 249/249 MP: 23/23
 59318 | Slime:5  | Noticed the Royal Jelly
 59327 | Slime:5  | Your ally Murdo died
 59332 | Slime:5  | Your ally Wargath died
 59342 | Slime:5  | Killed the Royal Jelly
 59354 | Slime:5  | Gained mutation: Armour fits poorly on your strangely
                  | shaped body. [a shining eye]
 59799 | Slime:5  | Identified the +8 plate armour of Courage {rCorr}
 59801 | Slime:5  | Identified the +7 orcbow of Ignis's Displeasure {flame,
                  | rF+}
 59806 | Slime:5  | Identified the +7 quarterstaff of Cajitt {chaos, rElec rF+}
 59834 | Slime:5  | Identified the +1 helmet of Hopscotch {Fly rN+ Slay+3}
 59901 | Slime:5  | Got a slimy rune of Zot
 59920 | Slime:5  | Identified the +9 scimitar of Deflation {vamp, *Slow rElec
                  | rPois Dex+3}
 59923 | Slime:5  | Identified the ring "Miphid" {rElec rCorr Slay+3}
 59926 | Slime:5  | Identified the +8 chain mail of the Mackerel {*Slow rPois
                  | Int+4}
 59937 | Slime:5  | Got an upside-down book
 59938 | Slime:5  | Identified the +9 plate armour of the Lonely Invaders
                  | {rPois Dex+3}
 62358 | Vaults:4 | Killed Xtahua
 62716 | Vaults:5 | Noticed Frederick
 62726 | Vaults:5 | Killed Frederick
 62876 | Vaults:5 | Identified the +5 dagger "Wamuas" {freeze, rF- Will+ SInv}
 63027 | Vaults:5 | Noticed an ancient lich
 63036 | Vaults:5 | Killed an ancient lich
 63059 | Vaults:5 | Noticed an ancient lich
 63083 | Vaults:5 | Killed an ancient lich
 63231 | Vaults:5 | Got a silver rune of Zot
 63242 | Vaults:5 | Identified the ring "Serghuj" {Will+ Str+4}
 63313 | Vaults:5 | Noticed a dread lich
 63322 | Vaults:5 | Killed a dread lich
 63345 | Vaults:5 | Noticed an ancient lich
 63357 | Vaults:5 | Killed an ancient lich
 63646 | Vaults:5 | Noticed a dread lich
 63652 | Vaults:5 | Killed a dread lich
 63814 | Vaults:5 | Identified the +2 shortbow of the World {flame, Int+5}
 64186 | Vaults:5 | Identified the +4 great sword "Fyery" {heavy, rElec rPois}
 64186 | Vaults:5 | Identified the ring "Qariu" {Fly rElec rF+ Int+3}
 64197 | Vaults:5 | Identified the ring of Xom's Sleight of Hands {Wiz rF++}
 64200 | Vaults:5 | Identified the +5 rapier "Facise" {flame, +Blink Str+6
                  | Dex+2 SInv}
 64613 | Vaults:5 | Identified the +10 short sword "Nighuir" {antimagic, rCorr
                  | Str-4 Dex+9}
 65034 | Depths:1 | Got a quavering book
 65316 | Crypt:1  | Entered Level 1 of the Crypt
 65341 | Crypt:1  | Reached XP level 25. HP: 253/254 MP: 23/23
 66686 | Crypt:2  | Noticed Vv
 66698 | Crypt:2  | Killed Vv
 66699 | Crypt:2  | Reached skill level 27 in Armour
 67087 | Crypt:3  | Entered Level 3 of the Crypt
 67155 | Crypt:3  | Reached skill level 5 in Dodging
 67537 | Crypt:3  | Found the +5 glaive of the Guard {elec, spectral}
 67730 | Crypt:3  | Identified the +1 leather armour of Rationality {rPois rN+}
 67852 | Crypt:3  | Identified the +5 morningstar of Iconoclasm {protect, rC-
                  | MP+9 Int-2 Dex+8}
 68075 | Crypt:3  | Identified the ring of Perec {rElec rN+ rCorr MP+9 Str-2}
 68145 | Crypt:3  | Got a mumbling book
 68326 | Crypt:3  | Found a staircase to the Tomb.
 68326 | Crypt:3  | Noticed an ancient lich
 68335 | Crypt:3  | Killed an ancient lich
 68349 | Crypt:3  | Noticed an ancient lich
 68355 | Crypt:3  | Noticed an ancient lich
 68357 | Crypt:3  | Killed an ancient lich
 68373 | Crypt:3  | Killed an ancient lich
 68441 | Crypt:3  | Identified the ring "Gewim" {rCorr Str+5}
 69017 | Hell     | Entered the Vestibule of Hell
 69017 | Hell     | Noticed Geryon
 69030 | Hell     | Killed Geryon
 69795 | Hell     | Acquired the amulet "Onikh" {Reflect -Cast Rampage rN+
                  | Str+3 SH+5}
 70020 | Hell     | Found a gateway to the freezing wastes of Cocytus.
 70189 | Hell     | Found a gateway to the Iron City of Dis.
 70242 | Hell     | Reached skill level 10 in Dodging
 70263 | Hell     | Found a gateway to the ashen valley of Gehenna.
 70353 | Hell     | Found a gateway to the decaying netherworld of Tartarus.
 70530 | Zot:1    | Entered Level 1 of the Realm of Zot
 70843 | Zot:1    | Reached XP level 26. HP: 206/266 MP: 23/23
 71484 | Zot:1    | Noticed a dread lich
 71484 | Zot:1    | Paralysed by a dread lich for 5 turns
 71510 | Zot:1    | Killed a dread lich
 73309 | Zot:2    | Found a transporter.
 73331 | Zot:2    | Found a transporter.
 73478 | Zot:2    | Found a transporter.
 73494 | Zot:2    | Found a transporter.
 73877 | Zot:3    | Found the +3 Mad Mage's Maulers {Infuse+∞ VampMP -Cast}
 74222 | Zot:3    | You are sucked into a shaft and drop 1 floor!
 74631 | Zot:3    | Noticed a shard shrike
 74637 | Zot:3    | a rockslime changed into a shard shrike
 74637 | Zot:3    | Noticed a shard shrike (glowing shapeshifter)
 74642 | Zot:3    | a shard shrike changed into a titan
 74644 | Zot:3    | Killed a shard shrike
 74647 | Zot:3    | a titan changed into a shard shrike
 74647 | Zot:3    | Noticed a shard shrike (glowing shapeshifter)
 74650 | Zot:3    | a shard shrike changed into a juggernaut
 74650 | Zot:3    | Noticed a juggernaut (glowing shapeshifter)
 74655 | Zot:3    | a juggernaut changed into a shard shrike
 74655 | Zot:3    | Noticed a shard shrike (glowing shapeshifter)
 74657 | Zot:3    | Killed a shard shrike
 76096 | Zot:4    | Identified the +0 chain mail of Zoptead {Harm +Inv rF+++
                  | Will-}
 76387 | Zot:5    | Entered Level 5 of the Realm of Zot
 76421 | Zot:5    | Reached skill level 15 in Dodging
 76746 | Zot:5    | Noticed a Killer Klown
 76751 | Zot:5    | Killed a Killer Klown
 77488 | Zot:5    | Noticed a dread lich
 77495 | Zot:5    | Paralysed by something for 3 turns
 77507 | Zot:5    | Killed a dread lich
 77508 | Zot:5    | Reached XP level 27. HP: 273/273 MP: 23/23
 77548 | Zot:5    | Noticed an orb of fire
 77550 | Zot:5    | Noticed an orb of fire
 77552 | Zot:5    | Gained mutation: You are clumsy. (Dex -2) [an orb of fire]
 77554 | Zot:5    | Noticed an orb of fire
 77554 | Zot:5    | Gained mutation: You sometimes lose your temper in combat.
                  | [an orb of fire]
 77558 | Zot:5    | Gained mutation: You occasionally lose the ability to read
                  | scrolls when taking damage. [an orb of fire]
 77559 | Zot:5    | Gained mutation: You are very clumsy. (Dex -4) [an orb of
                  | fire]
 77562 | Zot:5    | Noticed a dread lich
 77562 | Zot:5    | Noticed an orb of fire
 77562 | Zot:5    | Noticed an orb of fire
 77565 | Zot:5    | Your ally Garbold died
 77565 | Zot:5    | Noticed a dread lich
 77568 | Zot:5    | Killed a dread lich
 77573 | Zot:5    | Killed an orb of fire
 77574 | Zot:5    | Your ally Saint Roka died
 77575 | Zot:5    | Your ally Wargath died
 77578 | Zot:5    | Noticed a dread lich
 77584 | Zot:5    | Gained mutation: You do not regenerate when monsters are
                  | visible. [mutagenic glow]
 77592 | Zot:5    | Killed a dread lich
 77607 | Zot:5    | Killed an orb of fire
 77635 | Zot:5    | Gained mutation: You sometimes lose the ability to read
                  | scrolls when taking damage. [mutagenic glow]
 77832 | Zot:5    | Paralysed by something for 5 turns
 77841 | Zot:5    | Killed a dread lich
 78169 | Zot:5    | Noticed an ancient lich
 78174 | Zot:5    | Gained mutation: You are very weak. (Str -4) [an orb of
                  | fire]
 78183 | Zot:5    | Gained mutation: You have an uncontrollable temper. [an orb
                  | of fire]
 78184 | Zot:5    | Killed an orb of fire
 78185 | Zot:5    | Gained mutation: Your spells are a little easier to cast,
                  | but a little less powerful. [an orb of fire]
 78189 | Zot:5    | Killed an orb of fire
 78204 | Zot:5    | Killed an ancient lich
 78211 | Zot:5    | Your ally Saint Roka died
 78241 | Zot:5    | Gained mutation: Your magical capacity is low. (-10% MP)
                  | [an orb of fire]
 78247 | Zot:5    | Gained mutation: You occasionally shout uncontrollably at
                  | your foes. [an orb of fire]
 78248 | Zot:5    | Killed an orb of fire
 79303 | Zot:5    | Lost mutation: You sometimes lose the ability to read
                  | scrolls when taking damage. [potion of mutation]
 79303 | Zot:5    | Lost mutation: Your spells are a little easier to cast, but
                  | a little less powerful. [potion of mutation]
 79303 | Zot:5    | Lost mutation: You occasionally lose the ability to read
                  | scrolls when taking damage. [potion of mutation]
 79304 | Zot:5    | Lost mutation: Your magical capacity is low. (-10% MP)
                  | [potion of mutation]
 79304 | Zot:5    | Lost mutation: You have an uncontrollable temper. [potion
                  | of mutation]
 79304 | Zot:5    | Gained mutation: Your body sometimes deteriorates upon
                  | taking damage. [potion of mutation]
 79304 | Zot:5    | Gained mutation: Your spells are a little harder to cast,
                  | but a little more powerful. [potion of mutation]
 79304 | Zot:5    | Gained mutation: Your movements are slightly less
                  | encumbered by armour. (ER -2) [potion of mutation]
 79305 | Zot:5    | Lost mutation: You sometimes lose your temper in combat.
                  | [potion of mutation]
 79305 | Zot:5    | Lost mutation: Armour fits poorly on your strangely shaped
                  | body. [potion of mutation]
 79305 | Zot:5    | Lost mutation: You are very clumsy. (Dex -4) [potion of
                  | mutation]
 79305 | Zot:5    | Gained mutation: Your magical capacity is low. (-10% MP)
                  | [potion of mutation]
 79305 | Zot:5    | Lost mutation: You are very weak. (Str -4) [potion of
                  | mutation]
 79305 | Zot:5    | Lost mutation: You occasionally shout uncontrollably at
                  | your foes. [potion of mutation]
 79306 | Zot:5    | Lost mutation: Your magical capacity is low. (-10% MP)
                  | [potion of mutation]
 79306 | Zot:5    | Lost mutation: Your movements are slightly less encumbered
                  | by armour. (ER -2) [potion of mutation]
 79306 | Zot:5    | Lost mutation: You are weak. (Str -2) [potion of mutation]
 79306 | Zot:5    | Gained mutation: You have sharp toenails. [potion of
                  | mutation]
 79307 | Zot:5    | Lost mutation: Your body sometimes deteriorates upon taking
                  | damage. [potion of mutation]
 79307 | Zot:5    | Lost mutation: You have sharp toenails. [potion of
                  | mutation]
 79307 | Zot:5    | Lost mutation: You do not regenerate when monsters are
                  | visible. [potion of mutation]
 79307 | Zot:5    | Gained mutation: You are partially covered in iridescent
                  | scales. (AC +2) [potion of mutation]
 79307 | Zot:5    | Gained mutation: You are mostly covered in iridescent
                  | scales. (AC +4) [potion of mutation]
 79307 | Zot:5    | Gained mutation: Your flesh is heat resistant. (rF+)
                  | [potion of mutation]
 80143 | Tomb:1   | Entered Level 1 of the Tomb of the Ancients
 80305 | Tomb:1   | Paralysed by a sphinx for 5 turns
 80901 | Tomb:1   | Noticed a royal mummy
 80947 | Tomb:1   | Your ally Saint Roka died
 80956 | Tomb:1   | Killed a royal mummy
 81350 | Tomb:1   | Noticed a royal mummy
 81364 | Tomb:1   | Killed a royal mummy
 81807 | Tomb:1   | Noticed a royal mummy
 81819 | Tomb:1   | Killed a royal mummy
 82113 | Tomb:1   | Noticed a royal mummy
 82120 | Tomb:1   | Killed a royal mummy
 82520 | Tomb:1   | Upgraded the game from 0.31-a0-876-gfe8ebadbca to
                  | 0.31-a0-879-g1609e0ac53
 83758 | Zig:1    | Entered Level 1 of a ziggurat
 84190 | Zig:2    | Entered Level 2 of a ziggurat
 84196 | Zig:2    | Reached skill level 1 in Axes
 84208 | Zig:3    | Entered Level 3 of a ziggurat
 84231 | Zig:4    | Entered Level 4 of a ziggurat
 84262 | Zig:5    | Entered Level 5 of a ziggurat
 84270 | Zig:5    | Reached skill level 5 in Axes
 84276 | Zig:5    | Gained mutation: You are frail. (-10% HP) [a neqoxec]
 84279 | Zig:5    | Gained mutation: You occasionally lose the ability to drink
                  | potions when taking damage. [a neqoxec]
 84428 | Zig:5    | Identified the orb of the Shining One's Fury {mayhem,
                  | Str+2}
 84437 | Zig:5    | Identified the +7 rapier "Foexor" {venom, Int+4 Dex+8
                  | Stlth-}
 84439 | Zig:6    | Entered Level 6 of a ziggurat
 84601 | Zig:7    | Entered Level 7 of a ziggurat
 84606 | Zig:7    | Found the +8 pair of quick blades "Gyre" and "Gimble"
                  | {protect}
 84817 | Zig:8    | Entered Level 8 of a ziggurat
 85073 | Zig:9    | Entered Level 9 of a ziggurat
 85086 | Zig:9    | Paralysed by accursed screaming for 1 turns
 85090 | Zig:9    | Reached skill level 10 in Axes
 85104 | Zig:9    | Gained Borgun as an ally
 85228 | Zig:9    | Identified the staff "Impslayer" {rElec SInv Air}
 85231 | Zig:9    | Identified the +0 pair of boots of Riyr {Str+3 Int+4}
 85236 | Zig:9    | Identified the +0 great sword "Orb Guardian's Foe" {flame,
                  | rElec Will+}
 85276 | Zig:10   | Entered Level 10 of a ziggurat
 85288 | Zig:10   | Found the +9 sword of Power {lifebolt}
 85515 | Zig:11   | Entered Level 11 of a ziggurat
 85867 | Zig:11   | Identified the +7 shortbow "Woroerph" {heavy, rC++ SInv}
 85870 | Zig:11   | Identified the +5 quarterstaff of Monikhlu {antimagic,
                  | Fragile rC+ Dex+6}
 85903 | Zig:12   | Entered Level 12 of a ziggurat
 86313 | Zig:12   | Identified the +6 trident of the Solstice {heavy, Drain
                  | Int+2 Dex+8}
 86315 | Zig:12   | Identified the amulet of Enerem {Spirit Will+}
 86365 | Zig:13   | Entered Level 13 of a ziggurat
 86391 | Zig:13   | Reached skill level 15 in Axes
 86405 | Zig:13   | Lost mutation: Your spells are a little harder to cast, but
                  | a little more powerful. [a neqoxec]
 86418 | Zig:13   | Gained Brandogh as an ally
 86548 | Zig:13   | Identified the ring "Cucwuesch" {rF+ AC+4 Int+3}
 86551 | Zig:13   | Identified the +0 plate armour of the Yeti {Str+2 Int-4
                  | Dex+4}
 86615 | Zig:14   | Entered Level 14 of a ziggurat
 86636 | Zig:14   | Paralysed by an air elemental for 1 turns
 86667 | Zig:14   | Identified the +6 trident "Beuvivve" {heavy, Dex+5}
 86889 | Zig:14   | Identified the +2 orcbow of the Establishment {speed, rPois
                  | Str+3 Int+3 Dex-3}
 86911 | Zig:14   | Identified the +8 war axe of the Skies Above {flame, Int+2}
 86914 | Zig:14   | Identified the +8 spear of a bailey {chaos, Int-4 Dex+5}
 86960 | Zig:15   | Entered Level 15 of a ziggurat
 86971 | Zig:15   | Paralysed by an air elemental for 1 turns
 87000 | Zig:15   | Gained Wardok as an ally
 87017 | Zig:15   | Gained Oreg as an ally
 87038 | Zig:15   | Your ally Wardok died
 87339 | Zig:15   | Identified the +1 hand axe "Hegaj" {pain, Fly rElec Int-2}
 87340 | Zig:15   | Identified the staff "Hisuofra" {rElec Dex+6 Necro Air}
 87343 | Zig:15   | Identified the +0 ring mail of Jurisiuh {+Inv Regen+ rCorr
                  | Str-3}
 87345 | Zig:15   | Identified the +6 halberd of Circular Logic {freeze,
                  | *Corrode rElec rF+}
 87347 | Zig:15   | Identified the +1 trident of Lust {drain, rN+ Int+4}
 87403 | Zig:16   | Entered Level 16 of a ziggurat
 87420 | Zig:16   | Noticed a royal mummy
 87423 | Zig:16   | Noticed a royal mummy
 87427 | Zig:16   | Noticed a royal mummy
 87431 | Zig:16   | Killed a royal mummy
 87433 | Zig:16   | Noticed a dread lich
 87433 | Zig:16   | Noticed a royal mummy
 87435 | Zig:16   | Noticed a royal mummy
 87435 | Zig:16   | Noticed a royal mummy
 87438 | Zig:17   | Entered Level 17 of a ziggurat
 87468 | Zig:17   | Noticed Jacvipp the pandemonium lord
 87486 | Zig:17   | Killed Jacvipp the pandemonium lord
 87496 | Zig:17   | Noticed Sicew the pandemonium lord
 87516 | Zig:17   | Killed Sicew the pandemonium lord
 87548 | Zig:17   | Noticed Baibecom the pandemonium lord
 87574 | Zig:17   | Killed Baibecom the pandemonium lord
 87683 | Zig:17   | Noticed Miulutt Tuso the pandemonium lord
 87703 | Zig:17   | Noticed Nekhoshreata the pandemonium lord
 87704 | Zig:17   | Killed Miulutt Tuso the pandemonium lord
 87720 | Zig:17   | Killed Nekhoshreata the pandemonium lord
 88043 | Zig:17   | Found the +8 storm bow {elec, penet}
 88051 | Zig:17   | Identified the ring "Eskou" {rPois rC+ Dex+7}
 88053 | Zig:17   | Identified the +6 shortbow "Xafaut" {speed, Dex+8 Stlth+}
 88073 | Zig:17   | Got an antique book
 88125 | Zig:18   | Entered Level 18 of a ziggurat
 88168 | Zig:18   | Paralysed by an orc sorcerer for 4 turns
 88176 | Zig:18   | Gained Bogdar as an ally
 88182 | Zig:18   | Your ally Bogdar died
 88219 | Zig:18   | Gained Brunolf as an ally
 88533 | Zig:18   | Identified the +11 orcbow "Ugym" {drain, Drain rPois Dex+3
                  | SInv}
 88613 | Zig:18   | Identified the +6 plate armour of the Armoured One {rF+
                  | Int+2}
 88617 | Zig:18   | Identified the +6 sling of the Spider Nest {flame, rF+
                  | Int+3 Dex+2 Stlth-}
 88622 | Zig:18   | Identified the +1 leather armour "Qogoki" {Will++}
 89336 | Pan      | Entered Pandemonium
 89469 | Pan      | Found an opulent altar of Gozag.
 89480 | Pan      | Found Esmuuq's Infernal Boutique.
 89482 | Pan      | Noticed a dread lich
 89487 | Pan      | Found Esmuuq's Superb Hardware.
 89495 | Pan      | Your ally Brandogh died
 89496 | Pan      | Your ally Brunolf died
 89497 | Pan      | Your ally Oreg died
 89499 | Pan      | Killed a dread lich
 89502 | Pan      | Gained Grimold as an ally
 89903 | Pan      | Found an opulent altar of Gozag.
 89910 | Pan      | Your ally Grimold died
 89916 | Pan      | Your ally Borgun died
 89925 | Pan      | Identified the +1 dagger "Ofakk" {holy, rF- rN++ MP+9
                  | Stlth+}
 90290 | Pan      | Reached skill level 1 in Invocations
 90483 | Pan      | Found an opulent altar of Gozag.
 90625 | Pan      | Noticed Ragom the pandemonium lord
 90626 | Pan      | Found Esmuuq's Fine Accessories.
 90630 | Pan      | Killed Ragom the pandemonium lord
 90648 | Pan      | Found Esmuuq's Demonic Rune Store.
 90792 | Pan      | Bought a demonic rune of Zot for 6226 gold pieces
 90844 | Pan      | Bought the +0 helmet of Tomorrow {rN++ Regen+ Slay+3} for
                  | 657 gold pieces
 91521 | Pan      | Entered the realm of Mnoleg.
 91525 | Pan      | Gained Agrik as an ally
 91620 | Pan      | Gained mutation: Your magical capacity is low. (-10% MP) [a
                  | cacodemon]
 91826 | Pan      | Gained mutation: Armour fits poorly on your strangely
                  | shaped body. [a cacodemon]
 91830 | Pan      | Gained mutation: You do not regenerate when monsters are
                  | visible. [a neqoxec]
 91846 | Pan      | Gained mutation: You are very frail. (-20% HP) [a neqoxec]
 91904 | Pan      | Gained mutation: You occasionally lose the ability to read
                  | scrolls when taking damage. [a neqoxec]
 91974 | Pan      | Found an exit through the horrors of the Abyss.
 92065 | Pan      | Gained mutation: You sometimes lose the ability to drink
                  | potions when taking damage. [a cacodemon]
 92080 | Pan      | Noticed Mnoleg
 92088 | Pan      | Killed Mnoleg
 92091 | Pan      | Identified the orb of the Ward {*channel, *Slow rCorr Str+6
                  | Stlth+}
 92097 | Pan      | Gained mutation: You are extremely frail. (-30% HP) [a
                  | cacodemon]
 92123 | Pan      | Got a glowing rune of Zot
 92255 | Pan      | Your ally Agrik died
 92259 | Pan      | HP: 9/191 [??? (3)]
 92262 | Pan      | HP: 4/191 [poisoned by a green death (poison arrow)]
 92264 | Pan      | HP: 1/191 [poisoned by a green death (poison arrow)]
 92265 | Pan      | Succumbed to a green death's poison arrow

Illustrated notes

Levels and vault maps discovered:
D:1:      mrwooster_arrival_arrow, layout_basic, serial_shops,
          nicolae_shop_just_a_little_nook, corexii_hall_statues_s,
          minmay_heptomino_o4
D:2:      layout_rooms, nicolae_elevator_lobby_asterisk, uniq_robin
D:3:      layout_basic, gup_sewer_entry_spiral, minmay_misc_feat_alley, hex_tiny
D:4:      layout_basic, nicolae_concentric_dashed_squares_mild,
          minmay_distorted, uniq_crazy_yiuf_cottage, uniq_ijyb
D:5:      layout_rooms, minmay_temple_entry_trees, serial_shops,
          kennysheep_mini, corexii_shack
D:6:      layout_cave_pools, nicolae_dithmenos_shadow_blocks,
          nicolae_ossuary_entry_catacombs, serial_shops, nicolae_stop_n_shop_1
D:7:      layout_cave_pools, minmay_ruined_shrine, uniq_maggie
D:8:      minmay_curly_fans, layout_cave_pools, nicolae_shop_i_like_big_books,
          kennysheep_generic_room_9
D:9:      layout_roguey, nicolae_underground_beach
D:10:     layout_loops_ring, minmay_lair_entry_grove, serial_glass,
          glass_columns_a, glass_columns_c, glass_columns_c, glass_columns_c,
          glass_columns_c, uniq_psyche, uniq_harold, uniq_sonja
D:11:     layout_roguey, david_orc_4, nicolae_neqoxec_dot_bat
D:12:     layout_basic, gauntlet_entry_generic, kennysheep_big_empty_room
D:13:     layout_stronghold, hellmonk_vaults_keyhole, uniq_jorgrun
D:14:     layout_basic, nrook_guardian_serpent_ordinary
D:15:     hangedman_depths_entry_civil_slaughter, layout_basic, serial_shops,
          shop, nicolae_qazlal_eye_of_the_storm, laboratory
Lair:1:   layout_cave_pods, grunt_megastairs_1
Lair:2:   gammafunk_lair_enchanted_lake, layout_cave_pods,
          minmay_shoals_entry_centaurs, dreamdust_deal_with_the_devil,
          grunt_megastairs_5
Lair:3:   layout_loops_ring, nicolae_snake_entry_warm_welcome
Lair:4:   layout_small_grid, minmay_slime_entry_pillars, grunt_megastairs_3
Lair:5:   evilmike_catoblepas_cave, layout_misc_corridors, grunt_megastairs_4,
          uniq_urug
Shoals:1: layout_shoals, uniq_josephine
Shoals:2: layout_shoals, serial_shops, nicolae_shop_competitors_out_of_business,
          nicolae_shop_tiny_real_fake_doors, shop, shop,
          nicolae_shoals_enchanted_isle
Shoals:3: layout_shoals, hellmonk_ghost_happy_afterlife, uniq_ilsuiw
Shoals:4: shoals_end_simple, layout_shoals, nicolae_shoals_pincushion_passage
Snake:1:  layout_gridlike, ebering_ghost_inner_flame, grunt_ministairs_11
Snake:2:  layout_rooms
Snake:3:  layout_rooms, portal_ice_cave_entry_pillars_three
Snake:4:  hellmonk_snake_rune_quicksilver_temple, layout_layer_cave,
          serial_bayou_shore_b
Slime:1:  layout_caves
Slime:2:  cheibrodos_slime_lost_civilization_9, layout_caves
Slime:3:  layout_caves, nicolae_slime_rock_hall_of_fame
Slime:4:  layout_caves
Slime:5:  slime_pit_nicolae_amoeboid
Orc:1:    layout_diamond_mine, mines2_david, uniq_erica
Orc:2:    st_orc_elflike, layout_caves, nicolae_orc_flooded_monolith,
          nicolae_orc_crystal_geode
Elf:1:    eino_elf_arrival_the_gate, layout_gridlike, serial_shops,
          nicolae_shop_behind_doors, kennysheep_underground_church,
          lemuel_upstairs_altar, uniq_louise, uniq_asterion
Elf:2:    elven_hall_of_blades_hangedman_alternative [nicolae_blade_bullseye],
          layout_geoelf_octagon, ebering_ghost_reflecting_pool,
          nicolae_elf_glass_and_crystal_pillar_1, minivault_26,
          minmay_elf_demonology, uniq_zenata
Elf:3:    minmay_elf_hall_dome, layout_gridlike, serial_shops, shop,
          st_stairs_12
Vaults:1: v_misc_5, nicolae_vaults_little_squares_1, nicolae_vaults_trapezoid_3,
          dpeg_vaults_monster_box, ontoclasm_vaults_tryst,
          vaults_room_ringed_pool, nicolae_vaults_closet_pinwheel_2,
          nicolae_vaults_tetromino_Z_2, nicolae_vaults_diamond_2,
          layout_vaults_chaotic_city, uniq_nikola
Vaults:2: minmay_crypt_entry_simple_sparse, v_misc_14,
          nicolae_vaults_more_shelving_2, vaults_dpeg_encased_lava,
          nicolae_vaults_diagonal_hallway_8, nicolae_vaults_shelves_hall,
          hangedman_vaults_locks, nicolae_vaults_murderbox,
          nicolae_vaults_doubleplus_tesselated, hangedman_vaults_impose,
          nicolae_vaults_stepped_doors, nicolae_vaults_taking_the_gang_shopping,
          nicolae_vaults_little_squares_5, layout_vaults_omnibox
Vaults:3: hangedman_vaults_stitches, nicolae_vaults_shelves_hall,
          nicolae_vaults_trapezoid_1, hangedman_vaults_slice,
          nicolae_vaults_closet_pinwheel_3, nicolae_vaults_little_squares_3,
          v_pattern_5, v_misc_28, hangedman_vaults_cutoff,
          nicolae_vaults_little_squares_2, nicolae_vaults_house_3,
          nicolae_vaults_tetromino_T_1, vaults_room_door_ring,
          layout_vaults_ring, uniq_saint_roka
Vaults:4: nicolae_vaults_trapezoid_1, nicolae_vaults_three_branches,
          nicolae_vaults_inception_statues, v_misc_32,
          ontoclasm_vaults_ring_small, nicolae_vaults_network_quincunx
          [nicolae_vaults_network_quincunx_subvault,
          nicolae_vaults_network_quincunx_subvault,
          nicolae_vaults_network_quincunx_subvault,
          nicolae_vaults_network_quincunx_subvault,
          nicolae_vaults_network_quincunx_subvault], nicolae_vaults_turnstiles,
          v_rooms_4, vaults_room_pool, nicolae_vaults_more_shelving_1,
          vaults_room_grid, nicolae_vaults_layer_cake_slice, special_room_vaults
          [special_room_orc], layout_vaults_big_cross, serial_shops,
          nicolae_shop_dealshenge
Vaults:5: serial_shops, uniq_frederick, uniq_xtahua
Crypt:1:  layout_misc_corridors, st_stairs_9, hellmonk_scarab_ruin,
          grunt_crypt_arrival_webbed
Crypt:2:  layout_regular_city, chequers_big_river, uniq_vv
Crypt:3:  quadcrypt_mu, uniq_margery
Tomb:1
Depths:1: layout_roguey, lightli_too_deep, cheibriados_altar_1,
          abyss_entry_crystal, serial_shops, shop, minivault_12, uniq_norris,
          uniq_mara
Depths:2: due_jory_tower, layout_basic, nicolae_zig_zag_zippers, hellmouth_1,
          rand_demon_pan_entry_5
Depths:3: minmay_guarded_unrand_sceptre_of_torment, layout_cave_shapes,
          abyss_entry_flame_altar, rand_demon_pan_entry_9,
          pf_hell_entry_tar_spiral, serial_shops, nicolae_shop_gaudy_bauble,
          minmay_crystal_room, kennysheep_generic_room_12,
          kennysheep_random_hallway
Depths:4: grunt_runaround [grunt_runaround_doors_1, grunt_runaround_doors_2,
          grunt_runaround_doors_3, grunt_runaround_doors_4,
          grunt_runaround_zot], serial_shops, hell_entry, abyss_entry
Hell
Zot:1:    layout_onion_interference, nzn_random_ring
Zot:2:    layout_basic, nicolae_diode_intersection
Zot:3:    layout_onion_interference, hellmonk_formless_pools
Zot:4:    layout_cellular_growth, zot_minivault_5
Zot:5:    layout_basic
Pan:      nicolae_pan_bazaar_rune, layout_long_grid, mnoleg, layout_small_grid,
          rand_demon_5, layout_gridlike, special_room [special_room_demon_pit]

Skill      XL: |  1  2  3  4  5  6  7  8  9 10 11 12 13 14 15 16 17 18 19 20 21 22 23 24 25 26 27 |
---------------+----------------------------------------------------------------------------------+-----
Fighting       | 4 5 6 8 9 11 13 14 15 16 17 19 22 24 25 26 27 | 27.0
Polearms       | 3 4 5 7 9 11 12 14 | 14.0
Armour         | 4 5 6 7 8 10 12 14 15 17 19 20 21 22 25 27 | 27.0
Shields        | 4 5 6 7 9 11 14 16 17 19 21 22 24 25 27 | 27.0
Dodging        | 1 2 3 4 10 15 18 | 18.4
Axes           | 25 | 25.1
Invocations    | 3 |  3.5
Evocations     | |  0.9

Action                     |  1- 3 |  4- 6 |  7- 9 | 10-12 | 13-15 | 16-18 | 19-21 | 22-24 | 25-27 || total
---------------------------+-------+-------+-------+-------+-------+-------+-------+-------+-------++-------
  Melee: Trident           |    98 |   218 |   561 |   302 |   181 |       |       |       |       ||  1360
         Demon trident     |       |       |       |       |   194 |   403 |  1442 |  1101 |  1347 ||  4487
         Labrys            |       |       |       |       |       |       |       |       |   690 ||   690
 Invoke: Convert to Beogh  |       |     1 |       |       |       |       |       |       |       ||     1
         Recall Orcish Fol |       |       |       |    13 |    29 |    13 |    10 |    27 |    51 ||   143
         Resurrection      |       |       |       |       |     1 |     1 |       |     1 |     4 ||     7
         Give Item to Name |       |       |       |       |     3 |       |       |     1 |     3 ||     7
         Stop Recall       |       |       |       |       |       |       |       |       |     1 ||     1
  Evoke: Wand              |       |       |       |     3 |     5 |     1 |       |     1 |     8 ||    18
         Horn of Geryon    |       |       |       |       |       |       |       |       |     2 ||     2
    Use: Potion            |       |       |     1 |       |     5 |     5 |       |     3 |    42 ||    56
         Scroll            |       |       |       |       |    22 |     5 |     5 |    13 |    47 ||    92
   Stab: Distracted        |       |       |       |     2 |     3 |     1 |     4 |    22 |    31 ||    63
         Fleeing           |       |       |       |       |       |       |       |       |     2 ||     2
         Invisible         |       |       |       |       |       |       |       |       |     2 ||     2
         Confused          |       |       |       |       |       |       |       |       |     1 ||     1
 Armour: Scale mail        |    63 |   111 |       |       |       |       |       |       |       ||   174
         Ring mail         |       |    30 |   284 |   162 |       |       |       |       |       ||   476
         Plate armour      |       |       |       |   107 |   419 |   255 |   795 |   603 |       ||  2179
         Gold dragon scale |       |       |       |       |       |       |       |    28 |  1307 ||  1335
  Dodge: Dodged            |    64 |    94 |   207 |   144 |   183 |    81 |   163 |   180 |   516 ||  1632
  Block: Buckler           |    22 |    42 |    78 |    44 |       |       |       |       |       ||   186
         Tower shield      |       |       |       |    66 |   410 |   216 |  1104 |   889 |  2061 ||  4746
         Reflection        |       |       |       |       |       |       |       |       |    87 ||    87

Table legend: (Time is in decaauts)
 A = Elapsed time spent in this place.
 B = Non-inter-level travel time spent in this place.
 C = Inter-level travel time spent in this place.
 D = Time resting spent in this place.
 E = Time spent auto-exploring this place.
 F = Levels seen in this place.
 G = Mean time per level.
                   A        B        C        D        E       F      G
               +--------+--------+--------+--------+--------+-----+--------+
         Total |  90566 |  80381 |  10185 |  20036 |  40309 |  82 | 1104.5 |
       Dungeon |  16026 |  12489 |   3537 |    742 |   9050 |  15 | 1068.4 |
          Lair |   7940 |   6738 |   1202 |   1244 |   3914 |   5 | 1588.0 |
        Shoals |   6617 |   6464 |    153 |   2464 |   2082 |   4 | 1654.2 |
     Snake Pit |   3485 |   3323 |    162 |    325 |   2357 |   4 |  871.2 |
    Slime Pits |   4277 |   4015 |    262 |   1554 |   1372 |   5 |  855.4 |
  Orcish Mines |   1922 |   1598 |    324 |    400 |    799 |   2 |  961.0 |
   Elven Halls |   5375 |   4915 |    460 |   1780 |   1990 |   3 | 1791.7 |
        Vaults |  11673 |  10003 |   1670 |   3370 |   4579 |   5 | 2334.6 |
         Crypt |   3665 |   3043 |    622 |    319 |   2038 |   3 | 1221.7 |
          Tomb |   2391 |   2362 |     29 |    896 |   1081 |   1 | 2391.0 |
        Depths |   7877 |   6675 |   1202 |   2488 |   2822 |   4 | 1969.2 |
          Hell |    778 |    754 |     24 |      0 |    351 |   1 |  778.0 |
           Zot |   8848 |   8317 |    531 |   2259 |   4143 |   5 | 1769.6 |
   Pandemonium |   2878 |   2878 |      0 |   1008 |    683 |   3 |  959.3 |
      Ziggurat |   4715 |   4715 |      0 |   1186 |   2257 |  18 |  261.9 |
         Sewer |    413 |    413 |      0 |      0 |    283 |   1 |  413.0 |
       Ossuary |    490 |    490 |      0 |      0 |    346 |   1 |  490.0 |
      Ice Cave |    772 |    772 |      0 |      0 |    113 |   1 |  772.0 |
      Gauntlet |    416 |    416 |      0 |      0 |     46 |   1 |  416.0 |
               +--------+--------+--------+--------+--------+-----+--------+

Top non-repeatable levels by time:
Vaults:4: 4320 daAuts
  Lair:1: 3099 daAuts
   Zot:5: 3012 daAuts
Shoals:4: 2766 daAuts
   Elf:3: 2495 daAuts
  Tomb:1: 2391 daAuts
Depths:1: 2336 daAuts
Depths:3: 2103 daAuts
Vaults:5: 2096 daAuts
    D:11: 1897 daAuts
Depths:4: 1896 daAuts
 Crypt:3: 1893 daAuts
   Zot:1: 1860 daAuts
Vaults:2: 1841 daAuts
Vaults:1: 1832 daAuts
